 Dungeon Crawl Stone Soup version 0.29-a0-477-g62b78b4225 (webtiles) character file.

Game seed: 7557405861069146996

42699 siradein the Blocker (level 13, -3/133 HPs)
             Began as a Troll Fighter on May 24, 2022.
             Was an Initiate of Yredelemnul.
             Slain by a death yak (9 damage)
             ... on level 6 of the Lair of Beasts.
             The game lasted 00:52:41 (17239 turns).

siradein the Blocker (Troll Fighter)               Turns: 17239, Time: 00:52:41

Health: -3/133     AC: 13    Str: 33    XL:     13   Next: 86%
Magic:  0/28       EV: 11    Int:  9    God:    Yredelemnul [......]
Gold:   1185       SH: 14    Dex:  9    Spells: 12/12 levels left

rFire   . . .      SeeInvis .   Q - +5 flail (chaos)
rCold   . . .      Faith    .   c - +4 kite shield
rNeg    + . .      Spirit   +   T - +2 robe {rN+}
rPois   +          Reflect  .   O - +3 hat of Pondering {ponderous, Will+ MP+10 Int+5}
rElec   .          Harm     .   (no cloak)
rCorr   +          Rampage  .   (gloves unavailable)
Will    +....                   (boots unavailable)
Stlth   +.........              X - amulet of guardian spirit
HPRegen 1.12/turn               s - +4 ring of protection
MPRegen 0.21/turn               W - ring "Tiarupno" {Drain rPois rCorr Str+2}

@: slow
A: large, unfitting armour, claws 3, regeneration 1, shaggy fur 1, tough skin 1
a: Renounce Religion, Recall Undead Harvest


You were on level 6 of the Lair of Beasts.
You worshipped Yredelemnul.
Yredelemnul was aware of your devotion.
You visited 3 branches of the dungeon, and saw 18 of its levels.
You also visited: Ossuary and Bailey.

You collected 1405 gold pieces.
You spent 220 gold pieces at shops.

Inventory:

Hand Weapons
 d - the +7 hunting sling of Ostrainli {vorpal, rElec rC- rN+}
   (You found it in a bailey)

   Any ammunition fired from it inflicts extra damage upon your enemies.
   rC:        It makes you vulnerable to cold.
   rElec:     It insulates you from electricity.
   rN:        It protects you from negative energy.
 u - the +7 hunting sling of Ru's Whim {venom, Dex+4}
   (You found it on level 2 of the Dungeon)

   Any ammunition fired from it poisons the flesh of those it strikes.
   Dex:       It affects your dexterity (+4).
 Q - a +5 flail of chaos (weapon)
Missiles
 w - 6 throwing nets (quivered)
 U - 6 boomerangs
 V - 17 large rocks
Armour
 c - a +4 kite shield (worn)
 B - a +2 robe of cold resistance
 O - the +3 hat of Pondering (worn) {ponderous, Will+ MP+10 Int+5}
   (You took it off Gastronok on level 8 of the Dungeon)

   Int:       It affects your intelligence (+5).
   MP:        It affects your magic capacity (+10).
   Will:      It increases your willpower.
 T - a +2 robe of positive energy (worn)
Jewellery
 a - a ring of resist corrosion
 m - a +6 ring of intelligence
 s - a +4 ring of protection (left claw)
 D - a ring of poison resistance
 W - the ring "Tiarupno" (right claw) {Drain rPois rCorr Str+2}
   (You found it on level 1 of the Lair of Beasts)

   [ring of resist corrosion]

   Str:       It affects your strength (+2).
   rPois:     It protects you from poison.
   rCorr:     It protects you from acid and corrosion.
   Drain:     It drains your maximum health when unequipped.
 X - an amulet of guardian spirit (around neck)
 Y - a +6 ring of strength
Wands
 j - a wand of paralysis (24)
 p - a wand of mindburst (14)
 C - a wand of flame (40)
 I - a wand of acid (4)
 L - a wand of iceblast (14)
 P - a wand of digging (8)
 R - a wand of charming (8)
Scrolls
 e - 7 scrolls of teleportation
 f - 4 scrolls of blinking
 h - 5 scrolls of poison
 i - 5 scrolls of fog
 k - 3 scrolls of enchant weapon
 v - 2 scrolls of silence
 y - 4 scrolls of immolation
 A - 3 scrolls of torment
 E - 4 scrolls of fear
 J - 4 scrolls of amnesia
 S - 2 scrolls of magic mapping
Potions
 b - 2 potions of ambrosia
 g - 8 potions of heal wounds
 l - 5 potions of lignification
 o - a potion of resistance
 q - 8 potions of flight
 r - 12 potions of curing
 t - 4 potions of mutation
 x - 3 potions of brilliance
 z - 3 potions of haste
 F - a potion of berserk rage {unknown}
 G - 3 potions of attraction {unknown}
 H - 4 potions of cancellation
 K - 4 potions of invisibility {unknown}
 M - 3 potions of magic {unknown}
 N - 2 potions of might
Miscellaneous
 n - a lightning rod (4/4)
 Z - a phantom mirror


   Skills:
 + Level 9.9 Fighting
 + Level 10.6 Maces & Flails
 + Level 9.9 Dodging
 + Level 10.8 Shields
 + Level 9.2 Invocations


You had 12 spell levels left.
You didn't know any spells.
Your spell library contained the following spells:

 Spells                   Type           Power      Damage    Failure   Level
 Beastly Appendage        Tmut           0%         N/A       58%         1
 Foxfire                  Conj/Fire      0%         2x1d4     58%         1
 Necrotize                Necr           0%         1d4       58%         1
 Shock                    Conj/Air       0%         1d3       58%         1
 Summon Small Mammal      Summ           0%         N/A       58%         1
 Static Discharge         Conj/Air       0%         N/A       73%         2
 Wereblood                Tmut           0%         N/A       73%         2
 Call Canine Familiar     Summ           0%         N/A       91%         3
 Conjure Flame            Conj/Fire      0%         6-21      91%         3
 Dazzling Flash           Conj/Hex       0%         N/A       91%         3
 Frozen Ramparts          Ice            0%         1d2       91%         3
 Inner Flame              Hex/Fire       0%         N/A       91%         3
 Spider Form              Tmut/Pois      0%         N/A       91%         3
 Summon Guardian Golem    Hex/Summ       0%         N/A       91%         3
 Swiftness                Air            0%         N/A       91%         3
 Vampiric Draining        Necr           0%         2d6       91%         3
 Airstrike                Air            0%         N/A       100%        4
 Dispel Undead            Necr           0%         3d6       100%        4
 Flame Wave               Conj/Fire      0%         2d4       100%        4
 Ice Form                 Ice/Tmut       0%         N/A       100%        4
 Iskenderun's Mystic Bla  Conj/Tloc      0%         2d3       100%        4
 Sticky Flame             Conj/Fire      0%         2d3       100%        4
 Summon Ice Beast         Ice/Summ       0%         N/A       100%        4
 Agony                    Necr           0%         N/A       100%        5
 Starburst                Conj/Fire      0%         6d3       100%        6
 Orb of Destruction       Conj           0%         9d5       100%        7
 Spellforged Servitor     Conj/Summ      0%         N/A       100%        7


Dungeon Overview and Level Annotations

Branches:
Dungeon (11/15)            Temple (1/1) D:5            Lair (6/6) D:8
  Swamp (0/4) Lair:4       Spider (0/4) Lair:3        Slime (0/5) Lair:5
    Orc (0/2) D:11        Ossuary (visited)          Bailey (visited)

Altars:
Ashenzari
Cheibriados
Hepliaklqana
Okawaru
Vehumet
Wu Jian
Xom
Yredelemnul
Zin

Shops:
D:1 (=!!

Portals:
Trove: D:11 (give horn of Geryon)

Annotations:
D:7 2 transporters


Innate Abilities, Weirdness & Mutations

You are too large for most types of armour.
You have claws for hands.
Your natural rate of healing is unusually fast.
You are covered in fur. (AC +1)
You have tough skin. (AC +1)


Message History

Your black mamba zombie bites something.
Something gores you!
* * * LOW HITPOINT WARNING * * *
Something barely misses your black mamba zombie.
You hit something but do no damage. Lightning courses through something!!
Your black mamba zombie bites something but does no damage.
Your black mamba zombie bites something.
Something gores your black mamba zombie!
Something gores you!
* * * LOW HITPOINT WARNING * * *
You sock something!
Reactivating autopickup.
You feel a bit more experienced.
Your black mamba zombie bites something but does no damage.
Something gores your black mamba zombie!
Your black mamba zombie bites something!
Your black mamba zombie bites the death yak!
The death yak closely misses your black mamba zombie.
There is a stone staircase leading up, spattered with blood here.
You see here a death yak corpse.
Your black mamba zombie barely misses the death yak.
Your black mamba zombie bites the death yak.
The death yak gores your black mamba zombie!!
Your black mamba zombie is destroyed!
The death yak bellows!
You hear a croak. x2
You see here a scroll of vulnerability.
The death yak gores you!!
* * * LOW HITPOINT WARNING * * *
You barely miss the death yak.
The death yak is heavily wounded.
The death yak gores you but does no damage.
You barely miss the death yak.
The death yak is heavily wounded.
The death yak completely misses you.
You hit the death yak.
The death yak is heavily wounded.
The death yak gores you!
You die...
Your body rises from the dead as a mindless zombie.

# .. .## ≈≈≈≈
#.####...#
##.........
....P#..#
#......##
#.......#
###?.....##
##..@......#
#...Y.<#..##
##....#...#
#...P.#..##
#.#...#...#
...........#
#.#...#.....#
..#..P#######
..PP


You could see a death yak.

Vanquished Creatures
  Gastronok (D:8)
  The ghost of Eringya2 the Destroyer, a journeyman OpCj of Gozag (Lair:4)
  Josephine (Lair:4)
  A hydra (D:11)
  A catoblepas (Lair:2)
  2 two-headed ogres
  2 centaur warriors (D:9)
  4 death yaks
  Amaemon (Lair:3)
  A harpy (shapeshifter) (Lair:5)
  A deep elf pyromancer (D:11)
  An ugly thing (D:11)
  2 manticores (D:11)
  4 elephants (Lair:3)
  3 black mambas
  2 gargoyles
  Joseph (D:8)
  A torpor snail (Lair:5)
  2 molten gargoyles
  5 cane toads
  An orange demon (Lair:3)
  Psyche (D:8)
  A kobold demonologist (D:9)
  4 komodo dragons
  2 polar bears
  The ghost of Heh the Skirmisher, an amateur MiGl (D:4)
  Prince Ribbit (D:5)
  A hornet (D:8)
  Grinder (D:4)
  A slime creature (D:9)
  2 shadows
  A vampire (Bailey)
  3 wraiths (Lair:4)
  2 wyverns
  9 yaks
  Grum (D:10)
  A redback (Lair:3)
  Menkaure (D:4)
  A steam dragon (D:8)
  A vampire mosquito (D:11)
  3 acid dragons
  8 water moccasins
  Duvessa (D:4)
  4 orc warriors
  4 sky beasts
  3 black bears
  An ice beast (D:6)
  10 ogres
  15 wolves
  12 centaurs
  4 lemures (D:8)
  3 kobold brigands
  The ghost of Bravepunisher the Ducker, an amateur SpMo (D:5)
  A phantom (D:5)
  A necrophage (D:7)
  10 bullfrogs
  3 gnoll sergeants
  3 scorpions
  3 water moccasin zombies (Ossuary)
  7 wights
  Dowan (D:4)
  9 vampire bats (Bailey)
  4 howler monkeys
  4 wolf zombies (Bailey)
  4 lava snakes (Lair:5)
  11 jellies
  3 hounds
  5 orc priests
  2 gnoll shamans (D:6)
  4 iguanas
  6 orc wizards
  2 hell rats (Lair:1)
  2 mummies (Ossuary)
  20 gnolls
  7 adders
  7 river rats
  A shadow imp (D:8)
  A white imp (D:7)
  5 adder zombies (Ossuary)
  A worm (D:9)
  3 dart slugs
  50 orcs
  5 endoplasms
  4 giant cockroaches
  5 goblins
  5 hobgoblins
  A jackal (D:3)
  4 quokkas
  5 ball pythons
  5 bats
  3 frilled lizards (D:2)
  2 hobgoblin zombies (Ossuary)
  16 kobolds
  9 kobold zombies (Ossuary)
  22 orc zombies
  5 rats
413 creatures vanquished.

Vanquished Creatures (collateral kills)
  Erica (D:10)
  A boulder beetle (D:11)
  Lodul (D:11)
  A deep elf pyromancer (D:11)
  Pikel (D:8)
  2 cyclopes (D:11)
  6 elephants (Lair:3)
  A molten gargoyle (Lair:5)
  2 cane toads (Lair:1)
  3 komodo dragons (Lair:4)
  An unseen horror (D:11)
  A hornet (D:11)
  A yak (Lair:4)
  A wraith (D:11)
  A basilisk (Lair:3)
  A redback (Lair:3)
  4 water moccasins
  2 black bears
  3 ogres (D:11)
  8 wolves
  A centaur (D:11)
  4 bullfrogs
  A gnoll sergeant (D:7)
  2 wights
  A howler monkey (D:8)
  A lava snake (Lair:5)
  An orc priest (D:11)
  A jelly (Lair:5)
  2 iguanas
  2 orc wizards
  2 gnolls
  2 river rats (Lair:1)
  6 orcs
  An endoplasm (Lair:5)
  2 kobolds (D:9)
  A rat (Lair:1)
  A butterfly (Lair:1)
73 creatures vanquished.

Vanquished Creatures (others)
  An ogre mage (D:11)
  An ugly thing zombie (D:11)
  A spectral komodo dragon (Lair:5)
  A black mamba zombie (Lair:6)
  A two-headed ogre zombie (D:11)
  A hornet zombie (D:11)
  An elf zombie (D:11)
  An elephant zombie (Lair:3)
  A cyclops zombie (D:11)
  3 water moccasin zombies
  A yak zombie (D:11)
  A wolf zombie (Lair:1)
  4 bullfrog zombies
  5 centaur zombies (D:11)
  A black bear zombie (D:8)
  An orc wizard (D:4)
  4 ogre zombies (D:11)
  3 spectral jellies (Lair:5)
  A howler monkey zombie (D:8)
  A worm zombie (D:9)
  A spectral shadow imp (D:8)
  A spectral white imp (D:7)
  6 kobold zombies
  7 orc zombies
  2 river rat zombies
  65 fungi
  89 plants
205 creatures vanquished.

Grand Total: 691 creatures vanquished

Notes
Turn   | Place    | Note
-------+----------+-------------------------------------------
     0 | D:1      | siradein the Troll Fighter began the quest for the Orb.
     0 | D:1      | Reached XP level 1. HP: 22/22 MP: 0/0
    86 | D:1      | Found Arphauf's Distillery.
   128 | D:1      | Found Bas Efuq's Distillery.
   213 | D:1      | Reached XP level 2. HP: 28/29 MP: 1/1
   270 | D:1      | Found Cuenkebi's Antique Weapon Boutique.
   285 | D:1      | Found Enweh's Jewellery Boutique.
   354 | D:1      | Found a faded altar of an unknown god.
  1071 | D:2      | Reached XP level 3. HP: 36/36 MP: 2/2
  1120 | D:2      | Identified the +7 hunting sling of Ru's Whim {venom, Dex+4}
  1382 | D:3      | Found a hazy altar of Hepliaklqana.
  1393 | D:3      | Reached XP level 4. HP: 38/45 MP: 3/3
  1587 | D:3      | Found an iron altar of Okawaru.
  1599 | D:3      | Reached XP level 5. HP: 53/53 MP: 4/4
  2064 | D:4      | Noticed an ogre
  2072 | D:4      | Killed an ogre
  2215 | D:4      | Reached XP level 6. HP: 61/61 MP: 5/5
  2262 | D:4      | Noticed Dowan
  2300 | D:4      | Found a sand-covered staircase.
  2300 | D:4      | Noticed Duvessa
  2314 | D:4      | Killed Dowan
  2346 | D:4      | Killed Duvessa
  2380 | Ossuary  | Entered an ossuary
  2458 | Ossuary  | Reached XP level 7. HP: 65/68 MP: 6/6
  2641 | D:4      | Found a runed translucent gate.
  2642 | D:4      | Found a runed translucent gate.
  2642 | D:4      | Noticed Heh's ghost (amateur MiGl)
  2643 | D:4      | Found a runed translucent gate.
  2665 | D:4      | Noticed Grinder
  2703 | D:4      | Paralysed by Grinder for 2 turns
  2714 | D:4      | Paralysed by Grinder for 3 turns
  2728 | D:4      | Paralysed by Grinder for 4 turns
  2733 | D:4      | Killed Grinder
  2824 | D:4      | Noticed Menkaure
  2827 | D:4      | Killed Menkaure
  2828 | D:4      | Reached skill level 5 in Shields
  2828 | D:4      | Reached XP level 8. HP: 79/79 MP: 7/7
  3282 | D:5      | Entered Level 5 of the Dungeon
  3328 | D:5      | Found a radiant altar of Vehumet.
  3600 | D:5      | Reached skill level 5 in Maces & Flails
  3616 | D:5      | Reached skill level 5 in Fighting
  3620 | D:5      | Found a runed translucent gate.
  3621 | D:5      | Found a runed translucent gate.
  3621 | D:5      | Identified the +4 great sword "Bujylam" {flame, Drain rPois
                  | rCorr Int-4}
  3622 | D:5      | Found a runed translucent gate.
  3625 | D:5      | Found a staircase to the Ecumenical Temple.
  3632 | Temple   | Entered the Ecumenical Temple
  3660 | Temple   | Became a worshipper of Yredelemnul the Dark
  3728 | D:5      | Reached skill level 5 in Dodging
  3768 | D:5      | Noticed Prince Ribbit
  3775 | D:5      | Killed Prince Ribbit
  3776 | D:5      | Reached skill level 1 in Invocations
  4027 | D:5      | Found a broken altar of Ashenzari.
  4028 | D:5      | Found a shimmering altar of Xom.
  4180 | D:5      | Noticed Bravepunisher's ghost (amateur SpMo)
  4543 | D:6      | Reached * piety under Yredelemnul
  4543 | D:6      | Reached XP level 9. HP: 88/88 MP: 9/9
  4559 | D:6      | Reached ** piety under Yredelemnul
  4849 | D:6      | Reached *** piety under Yredelemnul
  5172 | D:6      | Reached **** piety under Yredelemnul
  5377 | D:7      | Found a transporter.
  5431 | D:7      | Found a transporter.
  5435 | D:7      | Noticed a worldbinder
  5441 | D:7      | Noticed a cyan ugly thing
  5477 | D:7      | Found a flagged portal.
  5487 | Bailey   | Entered a bailey
  5909 | Bailey   | Identified the +1 chain mail "Gopt" {rElec rN+ Int+4
                  | Slay+3}
  5939 | Bailey   | Noticed a gargoyle
  5953 | Bailey   | Killed a gargoyle
  6091 | Bailey   | Reached XP level 10. HP: 45/98 MP: 11/11
  6155 | Bailey   | Identified the +7 hunting sling of Ostrainli {vorpal, rElec
                  | rC- rN+}
  6156 | Bailey   | Identified the +1 leather armour of the Moon Troll {rF++
                  | Str+5 Int-2}
  6695 | D:8      | Noticed Gastronok
  6724 | D:8      | Killed Gastronok
  6867 | D:8      | Found a glowing silver altar of Zin.
  6922 | D:8      | Found a staircase to the Lair.
  6952 | D:8      | Found a glowing silver altar of Zin.
  6994 | D:8      | Noticed Pikel
  6999 | D:8      | Paralysed by a hornet for 2 turns
  7201 | D:8      | Reached skill level 5 in Invocations
  7247 | D:8      | Noticed Joseph
  7262 | D:8      | Killed Joseph
  7520 | D:8      | Noticed Psyche
  7534 | D:8      | Killed Psyche
  7535 | D:8      | Reached XP level 11. HP: 81/106 MP: 13/13
  7631 | D:8      | Killed Pikel
  8016 | D:9      | Found a snail-covered altar of Cheibriados.
  8548 | D:9      | Found an ornate altar of the Wu Jian Council.
  8760 | D:9      | Noticed a centaur warrior
  8769 | D:9      | Killed a centaur warrior
  8779 | D:9      | Reached ***** piety under Yredelemnul
  8822 | D:9      | Noticed a centaur warrior
  8837 | D:9      | Killed a centaur warrior
  9375 | D:5      | Killed Bravepunisher's ghost
  9493 | D:1      | Bought a potion of lignification for 30 gold pieces
  9493 | D:1      | Bought a potion of curing for 30 gold pieces
  9493 | D:1      | Bought a potion of cancellation for 80 gold pieces
  9493 | D:1      | Bought a potion of mutation for 80 gold pieces
  9653 | D:10     | Entered Level 10 of the Dungeon
  9916 | D:10     | Noticed Grum
  9927 | D:10     | Noticed a two-headed ogre
  9935 | D:10     | Killed Grum
  9938 | D:10     | Noticed Erica
 10255 | D:4      | Killed Heh's ghost
 10632 | D:10     | Killed a two-headed ogre
 10692 | D:10     | Killed Erica
 11346 | D:11     | Noticed a boulder beetle
 11375 | D:11     | Killed a boulder beetle
 11491 | D:11     | Reached XP level 12. HP: 96/119 MP: 16/16
 11744 | D:11     | Noticed a five-headed hydra
 11754 | D:11     | Killed a five-headed hydra
 11982 | D:11     | Noticed Lodul
 12001 | D:11     | Killed Lodul
 12066 | D:11     | Found a staircase to the Orcish Mines.
 12110 | D:11     | Found a portal to a secret trove of treasure.
 12200 | D:11     | Noticed a two-headed ogre
 12212 | D:11     | Killed a two-headed ogre
 12252 | D:11     | Noticed an ogre mage
 12268 | D:11     | Killed an ogre mage
 12637 | Lair:1   | Entered Level 1 of the Lair of Beasts
 12646 | Lair:1   | Identified the ring "Tiarupno" {Drain rPois rCorr Str+2}
 13904 | Lair:2   | Noticed a catoblepas
 13949 | Lair:2   | Killed a catoblepas
 14420 | Lair:3   | Noticed Amaemon
 14434 | Lair:3   | Killed Amaemon
 14447 | Lair:3   | Reached XP level 13. HP: 38/131 MP: 11/18
 14698 | Lair:3   | Reached skill level 10 in Shields
 14831 | Lair:3   | Reached skill level 10 in Maces & Flails
 14922 | Lair:3   | Found a hole to the Spider Nest.
 15175 | Lair:3   | Reached ****** piety under Yredelemnul
 15548 | Lair:4   | Noticed Josephine
 15559 | Lair:4   | Killed Josephine
 15599 | Lair:4   | Found a runed translucent door.
 15599 | Lair:4   | Noticed Eringya2's ghost (journeyman OpCj)
 15798 | Lair:4   | Found a staircase to the Swamp.
 16290 | Lair:4   | Killed Eringya2's ghost
 16583 | Lair:5   | Found a staircase to the Slime Pits.
 17083 | Lair:6   | Entered Level 6 of the Lair of Beasts
 17236 | Lair:6   | HP: 2/133 [death yak (15)]
 17239 | Lair:6   | Slain by a death yak

Illustrated notes

Levels and vault maps discovered:
D:1:      kilobyte_arrival_exit_the_forest, layout_loops_cross, serial_shops,
          shop, nicolae_square_shop, shop, shop_statue,
          ebering_ecumenical_altar_hall, chequers_decorated_corner,
          minmay_hexomino_u4
D:2:      layout_basic
D:3:      layout_loops_ring, nicolae_hepliaklqana_hazy_memory,
          okawaru_altar_gauntlet_db, minmay_cupped
D:4:      layout_loops_ring, nicolae_ossuary_entry_false_entrances,
          gammafunk_ghost_nasty_kobolds, eino_tiny_chamber, uniq_grinder,
          uniq_menkaure, uniq_duvessa
D:5:      layout_layer_cave, old_standard_altar, minitemple,
          minmay_temple_entry_slanted, ebering_ghost_rock_garden,
          uniq_prince_ribbit1
D:6:      layout_loops_cross, serial_rivers, chequers_serial_rivers_marsh,
          chequers_serial_rivers_room_b, chequers_serial_rivers_large_b,
          chequers_serial_rivers_small_3, chequers_serial_rivers_room_a,
          skrybe_limestone_x, grunt_tough_drop
D:7:      layout_basic, enter_bailey_6, gammafunk_ghost_abyssal_escape
D:8:      layout_gridville, zin_scriptorium, due_lair_maze_entry_diamond,
          kennysheep_flooded_box, uniq_gastronok, uniq_pikel, uniq_joseph,
          uniq_psyche
D:9:      layout_layer_cave, slow_altar_1, nicolae_wu_jian_glorious_leap,
          kb_rosetta
D:10:     layout_basic, uniq_erica, uniq_grum
D:11:     minmay_chambers_of_sevens, layout_small_grid, orc_0_dummy,
          nicolae_trove_entry_diagonal, minmay_orc_keep, uniq_lodul
Temple:   minmay_temple_curvy_branch
Lair:1:   layout_chaotic_city, kennysheep_rathole, lemuel_fruit_fields,
          lemuel_fruit_tree
Lair:2:   layout_cave_shapes
Lair:3:   layout_hall_layers, spider_nest_entry_webs, pond, grunt_megastairs_1,
          uniq_amaemon
Lair:4:   layout_gridlike, minmay_swamp_entry_reptiles,
          hellmonk_ghost_happy_afterlife, grunt_megastairs_3, uniq_josephine
Lair:5:   cheibrodos_magma_flow, layout_hall_layers,
          minmay_slime_entry_jelly_boxes
Lair:6:   evilmike_catoblepas_cave, layout_loops_ring, serial_rivers,
          chequers_serial_rivers_small_a, chequers_serial_rivers_room_b,
          chequers_serial_rivers_micro_d, chequers_serial_rivers_micro_a,
          chequers_serial_rivers_room_b, chequers_serial_rivers_micro_d,
          st_stairs_5, chequers_serial_rivers_micro_c

Skill      XL: |  1  2  3  4  5  6  7  8  9 10 11 12 13 |
---------------+----------------------------------------+-----
Maces & Flails | 2 3 4 5 6 7 8 9 10 | 10.6
Shields        | 3 4 5 6 7 8 9 10 | 10.8
Fighting       | 3 4 5 6 7 8 9 |  9.9
Dodging        | 3 4 5 6 7 8 9 |  9.9
Invocations    | 1 3 5 6 8 9 |  9.2

Action                   |  1- 3 |  4- 6 |  7- 9 | 10-12 | 13-15 || total
-------------------------+-------+-------+-------+-------+-------++-------
Melee: Flail             |    81 |    84 |   402 |   781 |   308 ||  1656
 Fire: Hunting sling     |    22 |    48 |    35 |     6 |       ||   111
Throw: Dart              |       |       |       |    11 |       ||    11
Invok: Recall Undead Har |       |       |     3 |     3 |     2 ||     8
       Dark Bargain      |       |       |       |     1 |       ||     1
       Bind Soul         |       |       |       |       |     1 ||     1
  Use: Scroll            |       |     3 |     4 |    22 |     1 ||    30
       Potion            |       |       |     1 |       |       ||     1
 Stab: Sleeping          |       |     1 |       |       |       ||     1
       Distracted        |       |       |     1 |     7 |       ||     8
       Paralysed         |       |       |       |     2 |       ||     2
       Petrified         |       |       |       |       |     1 ||     1
Armor: Robe              |    42 |    59 |   241 |   360 |   112 ||   814
Dodge: Dodged            |    35 |    48 |   225 |   336 |   111 ||   755
Block: Kite shield       |    46 |    70 |   279 |   502 |   219 ||  1116

Table legend: (Time is in decaauts)
 A = Elapsed time spent in this place.
 B = Non-inter-level travel time spent in this place.
 C = Inter-level travel time spent in this place.
 D = Time resting spent in this place.
 E = Time spent auto-exploring this place.
 F = Levels seen in this place.
 G = Mean time per level.
                   A        B        C        D        E       F      G
               +--------+--------+--------+--------+--------+-----+--------+
         Total |  18324 |  17169 |   1155 |    697 |  12215 |  20 |  916.2 |
       Dungeon |  12373 |  11303 |   1070 |    279 |   8107 |  11 | 1124.8 |
        Temple |     51 |     51 |      0 |      0 |     23 |   1 |   51.0 |
          Lair |   4939 |   4855 |     84 |    278 |   3761 |   6 |  823.2 |
       Ossuary |    212 |    212 |      0 |      0 |     95 |   1 |  212.0 |
        Bailey |    747 |    747 |      0 |    140 |    228 |   1 |  747.0 |
               +--------+--------+--------+--------+--------+-----+--------+

Top non-repeatable levels by time:
     D:9: 1742 daAuts
    D:11: 1435 daAuts
     D:5: 1380 daAuts
     D:8: 1341 daAuts
     D:4: 1331 daAuts
    D:10: 1199 daAuts
  Lair:3: 1153 daAuts
  Lair:1: 1008 daAuts
     D:1: 954 daAuts
  Lair:5: 939 daAuts
  Lair:2: 922 daAuts
     D:6: 900 daAuts
     D:3: 888 daAuts
  Lair:4: 884 daAuts
     D:7: 787 daAuts
